cohdb
Replays
Latest Replays
All Replays
Popular Replays
Top Player Replays
Match Explorer
How It Works
Community
CoH3 Stats
Reddit
Sign in to upload your games and track your stats! →
Sign in with Steam
Match 46654161
Unlisted
Match 46654161
Overview
Messages
Build Orders
End
Construct Section Command Post
Infantry Section
Infantry Section
Infantry Section
Royal Engineer Section
Selects Canadian Shock Battlegroup
Construct Field Infirmary
Selects Offensive Resupply
Construct Platoon Command Post
Humber Armored Car
Grenade Package
Selects Incendiary Munitions
6-pounder Anti-tank Gun Team
Infantry Training
Selects Pyrotechnics
Construct Company Command Post
Matilda II Heavy Tank
Foot Guards Section
Crusader II Medium Tank
Crusader II Medium Tank
_
jeongjae
0
0
Comments
sign in to comment!
No comments posted yet!